3AAA
HOUSTON BC @ SCRANTON SUPERNOVAS
09/04/2024
 
TOP OF THE 1ST
Houston BC batting - Pitching for Scranton Supernovas : RHP Victor Brey
Pitching: RHP Victor Brey
Batting: RHB Albert Delgado 0-0: Called Strike
0-1: Called Strike
0-2: Ball
1-2: Ball
2-2: Ground out 1-3 (Groundball, 13S)
Batting: RHB Craig Stewart 0-0: Fly out, F8 (Flyball, 8LS)
Batting: LHB Enrique Sánchez 0-0: Called Strike
0-1: Called Strike
0-2: Ball
1-2: Strikes out swinging
Top of the 1st over - 0 run(s), 0 hit(s), 0 error(s), 0 left on base; Houston 0 - Scranton 0
BOTTOM OF THE 1ST
Scranton Supernovas batting - Pitching for Houston BC : LHP Carlos Méndez
Pitching: LHP Carlos Méndez
Batting: LHB Tony Vega 0-0: Foul Ball, location: 2F
0-1: Ball
1-1: Ball
2-1: Ball
3-1: Base on Balls
Batting: SHB Alonso Solís 0-0: Foul Ball, location: 2F
0-1: SINGLE (Line Drive, 6MD)
Tony Vega to second
Runner from 2nd tries for 3rd, SAFE, no throw or cutoff
Batting: RHB Ethan Stanford 0-0: Ball
1-0: Foul Ball, location: 2F
1-1: Ball
2-1: Called Strike
2-2: Ball
3-2: Base on Balls
Alonso Solís to second
Batting: RHB Martín Álvarez 0-0: Ball
1-0: Ball
2-0: Ground out 5-3 (Groundball, 5S)
Tony Vega scores
Alonso Solís to third
Ethan Stanford to second
Batting: RHB Brad Jacobson 0-0: Ball
1-0: Called Strike
1-1: Called Strike
1-2: Foul Ball, location: 2F
1-2: Ball
2-2: Fly out, F7 (Flyball, 78M)
Runner from 3rd tags up, SCORES, throw made
Batting: LHB Francisco Ortega 0-0: Foul Ball, location: 2F
0-1: Ball
1-1: Fly out, F7 (Flyball, 7LS)
Bottom of the 1st over - 2 run(s), 1 hit(s), 0 error(s), 1 left on base; Houston 0 - Scranton 2
TOP OF THE 2ND
Houston BC batting - Pitching for Scranton Supernovas : RHP Victor Brey
Batting: RHB Alfredo Rivera 0-0: Ball
1-0: Ball
2-0: Called Strike
2-1: Ball
3-1: SINGLE (Line Drive, 9LM)
Batting: RHB Jorge Quezada 0-0: Swinging Strike
0-1: Foul Ball, location: 2F
0-2: Strikes out swinging
Batting: RHB Marvin Hayes 0-0: Ball
1-0: Called Strike
1-1: Swinging Strike
1-2: Foul Ball, location: 2F
1-2: Ball
2-2: Ball
3-2: Base on Balls
Alfredo Rivera to second
Batting: RHB Dennis Morrow 0-0: Ground out U3 (Groundball, 3S)
Alfredo Rivera to third
Marvin Hayes to second
Batting: RHB Bobby Buck 0-0: Ball
1-0: Fly out, F8 (Flyball, 8RM)
Top of the 2nd over - 0 run(s), 1 hit(s), 0 error(s), 2 left on base; Houston 0 - Scranton 2
BOTTOM OF THE 2ND
Scranton Supernovas batting - Pitching for Houston BC : LHP Carlos Méndez
Batting: RHB Henrique Shearman 0-0: Called Strike
0-1: Ball
1-1: Called Strike
1-2: Foul Ball, location: 2F
1-2: Ball
2-2: Ball
3-2: Fly out, F4 (Line Drive, 4MD)
Batting: LHB Neal Hart 0-0: Ground out 6-3 (Groundball, 6M)
Batting: RHB Chris Henderson 0-0: Ground out 4-3 (Groundball, 4)
Bottom of the 2nd over - 0 run(s), 0 hit(s), 0 error(s), 0 left on base; Houston 0 - Scranton 2
TOP OF THE 3RD
Houston BC batting - Pitching for Scranton Supernovas : RHP Victor Brey
Batting: RHB Habbo Allaart 0-0: Ground out 2-3 (Groundball, 2L)
Batting: RHB Albert Delgado 0-0: Ground out 6-3 (Groundball, 6M)
Batting: RHB Craig Stewart 0-0: Called Strike
0-1: Called Strike
0-2: Ball
1-2: Ball
2-2: Ball
3-2: Ground out 6-3 (Groundball, 6)
Top of the 3rd over - 0 run(s), 0 hit(s), 0 error(s), 0 left on base; Houston 0 - Scranton 2
BOTTOM OF THE 3RD
Scranton Supernovas batting - Pitching for Houston BC : LHP Carlos Méndez
Batting: LHB Tony Vega 0-0: Ball
1-0: Ground out 4-3 (Groundball, 4)
Batting: SHB Alonso Solís 0-0: Foul Ball, location: 2F
0-1: SINGLE (Groundball, 4D)
Batting: RHB Ethan Stanford 0-0: Called Strike
0-1: Ball
1-1: Ball
2-1: Ball
Alonso Solís is caught stealing 2nd base
3-1: Foul Ball, location: 2F
3-2: Strikes out swinging
Bottom of the 3rd over - 0 run(s), 1 hit(s), 0 error(s), 0 left on base; Houston 0 - Scranton 2
TOP OF THE 4TH
Houston BC batting - Pitching for Scranton Supernovas : RHP Victor Brey
Batting: LHB Enrique Sánchez 0-0: Called Strike
0-1: Swinging Strike
0-2: Ball
1-2: Fly out, F8 (Line Drive, 8LXD)
Batting: RHB Alfredo Rivera 0-0: Ball
1-0: SINGLE (Line Drive, 34)
Batting: RHB Jorge Quezada 0-0: Ball
1-0: Ball
2-0: Ground out 6-3 (Groundball, 6MS)
Alfredo Rivera to second
Batting: RHB Marvin Hayes 0-0: Fly out, F7 (Flyball, 7M)
Top of the 4th over - 0 run(s), 1 hit(s), 0 error(s), 1 left on base; Houston 0 - Scranton 2
BOTTOM OF THE 4TH
Scranton Supernovas batting - Pitching for Houston BC : LHP Carlos Méndez
Batting: RHB Martín Álvarez 0-0: Foul Ball, location: 2F
0-1: Called Strike
0-2: Strikes out looking
Batting: RHB Brad Jacobson 0-0: Ball
1-0: Fly out, F9 (Flyball, 89S)
Batting: LHB Francisco Ortega 0-0: Called Strike
0-1: Ball
1-1: Ground out 5-3 (Groundball, 56S)
Bottom of the 4th over - 0 run(s), 0 hit(s), 0 error(s), 0 left on base; Houston 0 - Scranton 2
TOP OF THE 5TH
Houston BC batting - Pitching for Scranton Supernovas : RHP Victor Brey
Batting: RHB Dennis Morrow 0-0: Ball
1-0: Called Strike
1-1: Foul Ball, location: 2F
1-2: Ball
2-2: SINGLE (Groundball, 4MD)
Batting: RHB Bobby Buck 0-0: Ball
1-0: Bunted foul
1-1: Ball
2-1: Sac Bunt - play at second, runner OUT -> throw to first, DP!
Batting: RHB Habbo Allaart 0-0: Ball
1-0: Ball
2-0: Fly out, F2 (Popup, 2LF)
Top of the 5th over - 0 run(s), 1 hit(s), 0 error(s), 0 left on base; Houston 0 - Scranton 2
BOTTOM OF THE 5TH
Scranton Supernovas batting - Pitching for Houston BC : LHP Carlos Méndez
Batting: RHB Henrique Shearman 0-0: Ball
1-0: Ball
2-0: Foul Ball, location: 2F
2-1: Called Strike
2-2: Strikes out looking
Batting: LHB Neal Hart 0-0: Ball
1-0: Ball
2-0: Foul Ball, location: 2F
2-1: Fly out, F5 (Popup, 5F)
Batting: RHB Chris Henderson 0-0: Ball
1-0: Called Strike
1-1: Called Strike
1-2: SINGLE (Flyball, 78S)
Batting: LHB Tony Vega 0-0: Ball
Chris Henderson steals 2nd base
1-0: Ball
2-0: Called Strike
2-1: Foul Ball, location: 2F
2-2: Foul Ball, location: 2F
2-2: Ball
3-2: Foul Ball, location: 2F
3-2: Fly out, F7 (Flyball, 78S)
Bottom of the 5th over - 0 run(s), 1 hit(s), 0 error(s), 1 left on base; Houston 0 - Scranton 2
TOP OF THE 6TH
Houston BC batting - Pitching for Scranton Supernovas : RHP Victor Brey
Batting: RHB Albert Delgado 0-0: Called Strike
0-1: Ball
1-1: Ball
2-1: Fly out, F6 (Popup, 56D)
Batting: RHB Craig Stewart 0-0: Called Strike
0-1: Fly out, F8 (Flyball, 8LS)
Batting: LHB Enrique Sánchez 0-0: Swinging Strike
0-1: Ground out 5-3 (Groundball, 5)
Top of the 6th over - 0 run(s), 0 hit(s), 0 error(s), 0 left on base; Houston 0 - Scranton 2
BOTTOM OF THE 6TH
Scranton Supernovas batting - Pitching for Houston BC : LHP Carlos Méndez
Batting: SHB Alonso Solís 0-0: Ball
1-0: Fly out, F9 (Flyball, 9LS)
Batting: RHB Ethan Stanford 0-0: Ball
1-0: Foul Ball, location: 2F
1-1: Ball
2-1: Ball
3-1: Foul Ball, location: 2F
3-2: Foul Ball, location: 2F
3-2: Foul Ball, location: 2F
3-2: Base on Balls
Batting: RHB Martín Álvarez 0-0: Ball
1-0: Ball
2-0: SINGLE (Line Drive, 6)
Ethan Stanford to second
Batting: RHB Brad Jacobson 0-0: Called Strike
0-1: Grounds into double play, 6-4-3 (Groundball, 6)
Bottom of the 6th over - 0 run(s), 1 hit(s), 0 error(s), 1 left on base; Houston 0 - Scranton 2
TOP OF THE 7TH
Houston BC batting - Pitching for Scranton Supernovas : RHP Victor Brey
Batting: RHB Alfredo Rivera 0-0: Swinging Strike
0-1: Ball
1-1: Ball
2-1: Ball
3-1: Fly out, F9 (Flyball, 89M)
Batting: RHB Jorge Quezada 0-0: Ground out 6-3 (Groundball, 6)
Batting: RHB Marvin Hayes 0-0: Ball
1-0: Swinging Strike
1-1: Swinging Strike
1-2: Strikes out swinging
Top of the 7th over - 0 run(s), 0 hit(s), 0 error(s), 0 left on base; Houston 0 - Scranton 2
BOTTOM OF THE 7TH
Scranton Supernovas batting - Pitching for Houston BC : LHP Carlos Méndez
Batting: LHB Francisco Ortega 0-0: Ball
1-0: Ground out 4-3 (Groundball, 4)
Batting: RHB Henrique Shearman 0-0: Called Strike
0-1: Ball
1-1: Swinging Strike
1-2: Foul Ball, location: 2F
1-2: Strikes out swinging
Batting: LHB Neal Hart 0-0: Ground out 3-1 (Groundball, 34S)
Bottom of the 7th over - 0 run(s), 0 hit(s), 0 error(s), 0 left on base; Houston 0 - Scranton 2
TOP OF THE 8TH
Houston BC batting - Pitching for Scranton Supernovas : RHP Victor Brey
Batting: RHB Dennis Morrow 0-0: Fly out, F9 (Line Drive, 89M)
Batting: RHB Bobby Buck 0-0: Ball
1-0: Foul Ball, location: 2F
1-1: Foul Ball, location: 2F
1-2: Ground out 4-3 (Groundball, 4)
Batting: RHB Habbo Allaart 0-0: Ball
1-0: Ball
2-0: Ball
3-0: Called Strike
3-1: Ground out 5-3 (Groundball, 56S)
Top of the 8th over - 0 run(s), 0 hit(s), 0 error(s), 0 left on base; Houston 0 - Scranton 2
BOTTOM OF THE 8TH
Scranton Supernovas batting - Pitching for Houston BC : LHP Carlos Méndez
Batting: RHB Chris Henderson 0-0: Called Strike
0-1: Swinging Strike
0-2: Strikes out swinging
Pitching: LHP Ismael Padilla
Batting: LHB Tony Vega 0-0: Called Strike
0-1: Foul Ball, location: 2F
0-2: SINGLE (Line Drive, 89S)
Batting: SHB Alonso Solís 0-0: Ball
1-0: Ball
2-0: Foul Ball, location: 2F
2-1: Ball
3-1: Foul Ball, location: 2F
3-2: Base on Balls
Tony Vega to second
Batting: RHB Ethan Stanford 0-0: Called Strike
0-1: Ball
1-1: Ball
2-1: Ball
3-1: Base on Balls
Tony Vega to third
Alonso Solís to second
Batting: RHB Martín Álvarez 0-0: Ball
1-0: Fly out, F8 (Flyball, 89D)
Runner from 3rd tags up, SCORES, no throw
Alonso Solís to third
Batting: RHB Brad Jacobson 0-0: Foul Ball, location: 2F
0-1: Foul Ball, location: 2F
0-2: Ball
1-2: Strikes out swinging
Bottom of the 8th over - 1 run(s), 1 hit(s), 0 error(s), 2 left on base; Houston 0 - Scranton 3
TOP OF THE 9TH
Houston BC batting - Pitching for Scranton Supernovas : RHP Victor Brey
Pitching: RHP Bill Maddox
Batting: RHB Albert Delgado 0-0: Ball
1-0: Ground out 6-3 (Groundball, 6)
Batting: RHB Craig Stewart 0-0: Foul Ball, location: 2F
0-1: Foul Ball, location: 2F
0-2: Ball
1-2: SINGLE (Line Drive, 4D)
Batting: LHB Enrique Sánchez 0-0: Ball
1-0: Grounds into double play, 6-4-3 (Groundball, 6)
Top of the 9th over - 0 run(s), 1 hit(s), 0 error(s), 0 left on base; Houston 0 - Scranton 3
This league is powered by Out of the Park Baseball, the baseball management simulation game for PC, Mac and Linux
Monday, October 3rd, 2016 - OOTP Baseball 16.9 Build 39